[Event "*** Titled Tuesday Blitz"]
[Site "Chess.com"]
[Date "2020.04.28"]
[Round "8"]
[White "Art10ECHR"]
[Black "Rumpel-VK"]
[Result "0-1"]
[WhiteElo "2401"]
[BlackElo "2639"]
[TimeControl "180+1"]
[EndTime "11:36:33 PDT"]
[Termination "Rumpel-VK won on time"]

1. c4 e5 2. g3 c6 3. Nf3 e4 4.
Nd4 d5 5. cxd5 cxd5 6. d3 Nf6 7. Bg2 Bb4+ 8. Bd2 Bc5 9. Nb3 Bxf2+ 10. Kxf2 e3+ 11.
Kg1 exd2 12. Qxd2 O-O 13. Nc3 Qb6+ 14. d4 Nc6 15. e3 Bf5 16. h3 Rfe8 17. Nxd5 Nxd5 18.
Bxd5 Nb4 19. Rf1 Nxd5 20. Rxf5 Nxe3 21. Rf3 Nc4 22. Qc3 Rac8 23. Nc5 Rxc5 24. dxc5 Qxc5+ 25. Kf1 Qd5 26. Qd3 Nd2+ 27. Kg2 Qxf3+ 28. Qxf3 Nxf3 29. Kxf3 Rc8 30. Rd1 Kf8 31. Rd7 Rb8 32. Kf4 Ke8 33. Rc7 a5 34. a4 b5 35. axb5 Rxb5 36. Rc2 Rb4+ 37. Kf3 Rb3+ 38. Kf4 f6 39. h4 Kf7 40. h5 g5+ 41. hxg6+ hxg6 42. g4 Rb4+ 43. Kf3 Rb3+ 44. Kf4 g5+ 45. Ke4 Rg3 46. Rc7+ Kg6 47. Ra7 a4 48.
Kd5 Rxg4 49. Ke6 Re4+ 50. Kd5 Rf4 51. Ke6 g4 52. Ra8 Re4+ 53. Kd5 f5 0-1

[Event "*** Titled Tuesday Blitz"]
[Site "Chess.com"]
[Date "2020.04.28"]
[Round "8"]
[White "Caterpiller35"]
[Black "kingofthenil"]
[Result "0-1"]
[WhiteElo "2301"]
[BlackElo "2458"]
[TimeControl "180+1"]
[EndTime "11:36:33 PDT"]
[Termination "kingofthenil won on time"]

1. d4 Nf6 2. Bg5 c5 3. Bxf6 gxf6 4. d5 f5 5. c4 Bg7 6. Nc3 O-O 7. Qc2 d6 8. e3 e6 9. Bd3 Nd7 10. g4 fxg4 11. Bxh7+ Kh8 12. Nge2 Ne5 13. Be4 Nxc4 14. h3 g3 15. Nxg3 f5 16. Bd3 Ne5 17. dxe6 Nxd3+ 18. Qxd3 Bxe6 19. O-O-O Qa5 20. Nge2 Rfd8 21. Rdg1 b5 22.
Rxg7 Kxg7 23. Nf4 Re8 24. Qxd6 Qb6 25. Qe5+ Kf7 26. Ncd5 Bxd5 27. Qxf5+ Qf6 28. Qxd5+ Ke7 29. Qxc5+ Qd6 30. Qg5+ Kd7 31. Qf5+ Kd8 32. Qg5+ Re7 33. Qg8+ Re8 34. Qg5+ Kc7 35. Rd1 Qc6+ 36. Kb1 Rad8 37. Rc1 Kb7 38. Rxc6 Kxc6 39. Qf6+ Rd6 40. Qf7 Red8 41.
a3 a5 42. Qa7 a4 43. Qa6+ Kc5 44. Ne2 Rxa6 0-1

[Event "*** Titled Tuesday Blitz"]
[Site "Chess.com"]
[Date "2020.04.28"]
[Round "8"]
[White "AlexOstrovskiy"]
[Black "WPWPWP-2015"]
[Result "1-0"]
[WhiteElo "2564"]
[BlackElo "2425"]
[TimeControl "180+1"]
[EndTime "11:36:35 PDT"]
[Termination "AlexOstrovskiy won by checkmate"]

1. d4 Nf6 2. Bg5 d5 3. Bxf6 exf6 4. e3 Bf5 5. g3 c6 6. Bg2 Nd7 7. Ne2 Bd6 8. Nd2 O-O 9. O-O b5 10. e4 Be6 11. exd5 cxd5 12. Nc3 Nb6 13. Nxb5 Bb4 14. c3 Be7 15. a4 a6 16. Na3 Rc8 17. a5 Na8 18. Nc2 Nc7 19. Ne3 f5 20. Re1 Re8 21.
Nf3 g6 22. Ne5 Nb5 23. Nd3 h5 24. Nf4 Bg5 25. Nexd5 Nd6 26. Nxe6 fxe6 27. Nb6 Rc7 28. Qb3 Rce7 29. h4 Bf6 30. Re2 Kg7 31. Rae1 e5 32.
Nd5 e4 33. Nxe7 Rxe7 34. Qb6 Qd7 35. Qxa6 g5 36. hxg5 Bxg5 37. Qa8 h4 38. Qd5 hxg3 39. fxg3 Qc7 40. Rf1 Rf7 41. a6 e3 42. a7 Ne4 43.
a8=Q Nxg3 44. Ree1 e2 45. Rf2 Be3 46. Qe5+ Qxe5 47.
dxe5 Ne4 48. Bxe4 fxe4 49. Rxe2 Bc5 50. Qxe4 Re7 51. Qg4+ Kh8 52. Kf1 Rg7 53. Rh2+ Kg8 54. Rhg2 Rxg4 55. Rxg4+ Kf7 56. b4 Ke7 57. e6 Bd6 58.
Rg7+ Ke8 59. Rd7 Be7 60. b5 Bf6 61. Rg2 Be5 62. Rg8# 1-0

[Event "*** Titled Tuesday Blitz"]
[Site "Chess.com"]
[Date "2020.04.28"]
[Round "8"]
[White "KNVB"]
[Black "wild_cat99"]
[Result "0-1"]
[WhiteElo "2717"]
[BlackElo "2585"]
[TimeControl "180+1"]
[EndTime "11:36:36 PDT"]
[Termination "wild_cat99 won by checkmate"]

1. c4 Nf6 2. d4 g6 3. Nc3 d5 4. cxd5 Nxd5 5. Bd2 Bg7 6. e4 Nxc3 7. Bxc3 c5 8. d5 Bxc3+ 9. bxc3 O-O 10. Qd2 f5 11. e5 Qc7 12. f4 c4 13. Nf3 Rd8 14. Qd4 b5 15. a4 Be6 16. axb5 Rxd5 17. Qe3 Rxb5 18.
Nd4 Rb6 19. Be2 Bd5 20. h4 Bxg2 21. Rg1 Be4 22. h5 Nd7 23. hxg6 Rxg6 24. Rxg6+ hxg6 25. Qg3 Nf8 26. Ra6 Kf7 27. Ra4 Bd5 28. Qh4 Rb8 29. Kf2 Rb2 30. Ke3 Rb6 31. Ra1 Qb7 32. Qh8 Ra6 33. Rc1 Ra4 34. Rc2 Be4 35. Rd2 Bg2 36.
Kf2 Bh1 37. e6+ Nxe6 38. Nxe6 Kxe6 39. Qe5+ Kf7 40. Rd8 Qg2+ 41. Ke3 Qg3+ 42. Kd4 Qf2+ 43. Qe3 Qxe3+ 44. Kxe3 e6 45. Rd7+ Kf6 46. Kd4 Bd5 47. Bd1 Ra1 48. Be2 Ra2 49. Ke3 a5 50. Ra7 a4 51. Bf1 Ra1 52. Be2 a3 53. Kd4 a2 54.
Kc5 g5 55. fxg5+ Kxg5 56. Kd6 Kf4 57. Kc5 Ke3 58. Bxc4 Bxc4 59. Kxc4 f4 60. Ra6 e5 61. Kb3 f3 62. Kb2 Re1 63. Kxa2 f2 64. Re6 f1=Q 65. Rxe5+ Kd2 66. Rd5+ Kxc3 67. Rc5+ Kb4 68. Rc2 Ra1+ 69. Kb2 Qb1# 0-1

[Event "*** Titled Tuesday Blitz"]
[Site "Chess.com"]
[Date "2020.04.28"]
[Round "8"]
[White "Olga_Girya"]
[Black "svilson23"]
[Result "0-1"]
[WhiteElo "2442"]
[BlackElo "2255"]
[TimeControl "180+1"]
[EndTime "11:36:36 PDT"]
[Termination "svilson23 won by resignation"]

1. d4 d5 2. c4 e6 3. Nf3 f5 4.
Bf4 c6 5. e3 Nf6 6. Nbd2 Be7 7.
g3 Nbd7 8. Rc1 Kf8 9. h4 Ne4 10. a3 a5 11. Bd3 g6 12. Qc2 Kf7 13. Ne5+ Nxe5 14. Bxe5 Bf6 15. Bxf6 Qxf6 16. Nf3 Nd6 17. Ne5+ Ke7 18. Qe2 Bd7 19. f4 Nf7 20. Nf3 h5 21. Qc2 Rhc8 22. Qb3 b5 23. cxb5 cxb5 24. O-O Nd6 25. Qd1 Qf8 26. Qe2 Qe8 27. Rc2 Rxc2 28. Qxc2 Rc8 29. Qd2 Qd8 30. Ne5 Be8 31. Rc1 Rxc1+ 32.
Qxc1 Qc8 33. Qc5 Qxc5 34. dxc5 Nc4 35. Bxc4 bxc4 36. Kf2 Kd8 37. Ke1 Kc7 38. Kd2 Kb7 39. Kc3 Ka6 40. Kd4 Kb5 41. c6 Bxc6 42. Nxg6 Ka4 43. Kc3 Kb5 44. Nf8 d4+ 45. Kxd4 Bd5 46.
Nd7 Kc6 47. Ne5+ Kb5 48. Ng6 Ka4 49. Kc3 Kb5 50. Ne7 Kc5 51. Ng8 e5 52. fxe5 Bxg8 53. a4 Kd5 54. Kd2 Kxe5 55. Kc3 Ke4 56. b3 cxb3 0-1

[Event "*** Titled Tuesday Blitz"]
[Site "Chess.com"]
[Date "2020.04.28"]
[Round "8"]
[White "wonderfultime"]
[Black "abhidabhi"]
[Result "1-0"]
[WhiteElo "2942"]
[BlackElo "2769"]
[TimeControl "180+1"]
[EndTime "11:36:37 PDT"]
[Termination "wonderfultime won on time"]

1. d4 Nf6 2. Nf3 g6 3. Bg5 Bg7 4. Nbd2 O-O 5. c3 d6 6. e4 c5 7. dxc5 dxc5 8. Bc4 Nc6 9. O-O h6 10. Bxf6 Bxf6 11. Qe2 Qc7 12. Qe3 Ne5 13. Nxe5 Qxe5 14.
Qxh6 Bg7 15. Qxg6 b5 16. Qc6 Rb8 17. Nf3 Qh5 18. Be2 Bb7 19. Qc7 Bxe4 20. Rae1 Qg6 21. Qxc5 e6 22. Qe3 b4 23. cxb4 Rxb4 24. b3 Rc8 25.
Bc4 Rcxc4 26. bxc4 Rxc4 27. Nh4 Qg4 28. g3 Bd5 29. Rd1 Qh3 30. Rxd5 exd5 31. Qe8+ Bf8 32. Ng2 Qe6 33. Qd8 Rc8 34. Qg5+ Bg7 35. Nf4 Qe5 36. Qxe5 Bxe5 37. Nxd5 Rc2 38. a4 Bd4 39. Ne7+ Kf8 40.
Nf5 Bc5 41. h4 Ra2 42. Kg2 Kg8 43. h5 Rxa4 44. Kh3 Ra2 45. f4 a5 46. Rc1 Bb4 47.
Rc8+ Kh7 48. Rc7 Kg8 49. Nh6+ Kg7 50. Nxf7 Rd2 51. Ng5+ Kg8 52. h6 1-0

[Event "*** Titled Tuesday Blitz"]
[Site "Chess.com"]
[Date "2020.04.28"]
[Round "8"]
[White "SiddharthGMJagadeesh"]
[Black "Konek-Gorbunok"]
[Result "1-0"]
[WhiteElo "2479"]
[BlackElo "2312"]
[TimeControl "180+1"]
[EndTime "11:36:38 PDT"]
[Termination "SiddharthGMJagadeesh won by resignation"]

1. d4 d5 2. c4 e6 3. Nf3 c6 4.
e3 f5 5. Bd3 Nf6 6. O-O Be7 7.
b3 O-O 8. Ba3 Ne4 9. Bxe7 Qxe7 10.
Nbd2 Nd7 11. Qc2 Ndf6 12. Ne5 Nd7 13. Ndf3 Nxe5 14. Nxe5 Nd6 15. f3 Nf7 16. Nxf7 Qxf7 17. e4 Bd7 18. Rae1 g6 19. exd5 exd5 20. Re5 Rfe8 21. f4 Rxe5 22. fxe5 Qe7 23. cxd5 cxd5 24. Qc7 Qb4 25. Kh1 Bc6 26. e6 Qxd4 27. Qf7+ Kh8 28.
e7 Qg7 29. Qe6 Re8 30. Re1 Qg8 31. Qd6 Qf7 32. b4 a6 33. h4 Kg7 34. h5 Qf6 35.
Qg3 Rxe7 36. Rf1 Kh8 37. h6 Qf8 38. Qf4 Kg8 39. g4 Qe8 40. gxf5 gxf5 41. Qg5+ Kf8 42.
Qf6+ Rf7 43. Qh8+ Ke7 44. Re1+ Kd8 45. Rxe8+ Bxe8 46. Qe5 Re7 47. Qxd5+ Rd7 48. Qxf5 Rxd3 49. Qxd3+ Bd7 50. Qxh7 Kc7 51. Qg7 Kd6 52. h7 Be6 53. h8=Q 1-0

[Event "*** Titled Tuesday Blitz"]
[Site "Chess.com"]
[Date "2020.04.28"]
[Round "8"]
[White "Shuvalov"]
[Black "Susal_De_Silva"]
[Result "1-0"]
[WhiteElo "2451"]
[BlackElo "2263"]
[TimeControl "180+1"]
[EndTime "11:36:38 PDT"]
[Termination "Shuvalov won by checkmate"]

1. Nf3 Nf6 2. c4 b6 3. g3 Bb7 4. Bg2 e6 5. O-O Be7 6. Nc3 O-O 7. Re1 d5 8. cxd5 exd5 9. d4 Nbd7 10. Bf4 a6 11. Qc2 Rc8 12. Rad1 Ne4 13. Ne5 Nxc3 14. bxc3 c5 15. Bh3 Bc6 16. dxc5 Nxe5 17. Bxe5 Bxc5 18. Bxc8 Qxc8 19. Bd4 Qh3 20. Rb1 f5 21. f4 h5 22. e3 h4 23. Qg2 Qg4 24. gxh4 Bxd4 25.
Qxg4 Bxe3+ 26. Rxe3 fxg4 27. Rxb6 Bb5 28. Re7 Rxf4 29.
Kg2 Ra4 30. Rg6 Rxa2+ 31. Kg3 Rc2 32. Rc7 Bc4 33. Rgxg7+ Kf8 34. h5 Rxc3+ 35. Kxg4 Be2+ 36. Kg5 Rxc7 37. Rxc7 Bd3 38. h6 Kg8 39. Rd7 Be4 40.
h7+ Bxh7 41. Rxd5 Bc2 42. Kf6 Kh7 43. Rh5+ Kg8 44. Rc5 Bd3 45. Rc7 Bb5 46. Ra7 Bd3 47. h4 Kh8 48. Kg5 Bb5 49. Kh6 Kg8 50. Ra8+ Kf7 51.
Kh7 Bd3+ 52. Kh8 Ke6 53. h5 Kd5 54. h6 Kc5 55. Kg7 Kb5 56. Rd8 Bc2 57. Rd2 Be4 58. Re2 Bd3 59. Re3 Bc2 60. Re6 a5 61. Rg6 a4 62. h7 a3 63. h8=Q Bxg6 64. Kxg6 Kc4 65. Qa1 Kb3 66. Qb1+ Kc3 67. Qa2 Kb4 68. Kf5 Ka4 69. Ke4 Kb4 70. Kd4 Ka4 71. Kc5 Ka5 72. Qxa3# 1-0

[Event "*** Titled Tuesday Blitz"]
[Site "Chess.com"]
[Date "2020.04.28"]
[Round "8"]
[White "Anton_Demchenko"]
[Black "GMKrikor"]
[Result "0-1"]
[WhiteElo "2846"]
[BlackElo "2756"]
[TimeControl "180+1"]
[EndTime "11:36:39 PDT"]
[Termination "GMKrikor won by resignation"]

1. d4 Nf6 2. Nf3 g6 3. Bf4 c5 4. dxc5 Qa5+ 5. Nbd2 Bg7 6. e3 O-O 7. c3 Qxc5 8. Be2 d6 9. O-O Qc7 10. h3 b6 11. e4 Bb7 12. e5 dxe5 13. Bxe5 Qc8 14.
Re1 Nbd7 15. Bd4 Re8 16. Bf1 Qc7 17. a4 e5 18. Be3 Nd5 19. Bg5 Nc5 20. Bb5 Re6 21.
Bc4 Ree8 22. Bb5 Re6 23. Bc4 h6 24. Bh4 g5 25. Bg3 Rd8 26. Nd4 Ree8 27. Nf5 Bf8 28. Qh5 Re6 29. Rad1 Rde8 30. Bb5 Bc6 31. Qe2 Nxa4 32.
Bxc6 Qxc6 33. Ne4 Nc5 34. h4 Nf4 35. Qf3 Nxe4 36. Rxe4 Rf6 37. Ne3 Ne2+ 38. Qxe2 Qxe4 39. hxg5 hxg5 40. Rd7 Qg6 41. Ng4 Rfe6 42. Rxa7 Bg7 43.
Ne3 e4 44. Qc4 f5 45. Bc7 f4 46. Nd5 e3 47. fxe3 fxe3 48. Bg3 e2 49. Be1 Qe4 50. Qxe4 Rxe4 51. Nxb6 Rf8 52. Kh2 Rf1 53. Bg3 Be5 54.
Bxe5 Rxe5 55. Nd7 e1=Q 0-1

[Event "*** Titled Tuesday Blitz"]
[Site "Chess.com"]
[Date "2020.04.28"]
[Round "8"]
[White "LiemLe"]
[Black "vladislavkovalev"]
[Result "1/2-1/2"]
[WhiteElo "3003"]
[BlackElo "2877"]
[TimeControl "180+1"]
[EndTime "11:36:41 PDT"]
[Termination "Game drawn by repetition"]

1. d4 Nf6 2. c4 e6 3. g3 d5 4. Bg2 Be7 5. Nf3 O-O 6. O-O dxc4 7. Qc2 a6 8. a4 Bd7 9. Qxc4 Bc6 10. Bf4 Bd6 11.
Qc1 a5 12. Nc3 Na6 13. Bd2 Ne4 14. Nxe4 Bxe4 15. Bxa5 Qe7 16. Bc3 Nb4 17. Nh4 Bxg2 18. Nxg2 Nd5 19. e4 Nxc3 20. bxc3 Qd7 21. Qc2 Ra6 22. Ra2 Rfa8 23. Rfa1 c5 24. Ne3 cxd4 25.
cxd4 Bf8 26. d5 exd5 27. Nxd5 Qh3 28. Nf4 Qd7 29. Kg2 b5 30. axb5 Rxa2 31. Rxa2 Rxa2 32. Qxa2 Qxb5 33. Qa8 g6 34. Nd5 Qb2 35. Qa7 h5 36. h4 Kg7 37. Qc7 Kg8 38. Qc3 Qxc3 39. Nxc3 f6 40. Nd5 Kf7 41. f4 Bc5 42. f5 gxf5 43.
exf5 Bd6 44. Kf3 Be5 45. Nf4 Bxf4 46. Kxf4 Kf8 47. Ke4 Ke8 48. Kf4 Kf8 49. Kf3 Kf7 50. g4 hxg4+ 51. Kxg4 Kg7 52. Kf4 Kh6 53. Kg4 Kh7 54.
Kf3 Kh6 55. Kg3 Kh5 56. Kh3 Kh6 57. Kg4 Kh7 58. Kf4 Kh6 59. Ke4 Kh5 60. Kf4 Kxh4 61. Kf3 Kg5 62. Ke4 Kg4 63. Ke3 Kxf5 64. Kf3 Ke5 65.
Ke3 Kf5 66. Kf3 Kg5 67. Kg3 f5 68. Kf3 f4 69. Kf2 Kf5 70. Kf3 Ke5 71. Kf2 Ke4 72. Ke2 f3+ 73. Kf2 Kf4 74. Kf1 Ke3 75. Ke1 Ke4 76.
Kf2 Kf4 77. Kf1 Kg4 78. Kf2 Kf4 1/2-1/2

[Event "*** Titled Tuesday Blitz"]
[Site "Chess.com"]
[Date "2020.04.28"]
[Round "8"]
[White "Corpescador"]
[Black "GM_DarwinLaylo"]
[Result "1-0"]
[WhiteElo "2371"]
[BlackElo "2531"]
[TimeControl "180+1"]
[EndTime "11:36:41 PDT"]
[Termination "Corpescador won on time"]

1. e4 d5 2. exd5 Nf6 3. d4 Bg4 4. Nf3 Qxd5 5. Be2 Nc6 6. Be3 O-O-O 7. Nbd2 Qf5 8. a3 e5 9. dxe5 Nxe5 10. Nxe5 Bxe2 11.
Qxe2 Qxe5 12. O-O-O a6 13. Nc4 Rxd1+ 14. Rxd1 Qe6 15.
Qd3 Be7 16. Qc3 Rd8 17. Re1 Qc6 18. Bd4 Nd5 19. Qh3+ Kb8 20. Ne5 Qa4 21. c4 Nf4 22.
Qc3 Ne6 23. Be3 Bf6 24. f4 g5 25. g3 gxf4 26. gxf4 Bh4 27. Rf1 f6 28. Nd3 Qd7 29.
Rd1 Qe7 30. Qc2 f5 31. Nb4 Rxd1+ 32. Qxd1 Bf6 33. Nd5 Qg7 34. Qh5 Bxb2+ 35. Kc2 b6 36. Qe8+ Kb7 37. Qxe6 Bxa3 38. Nc3 Qg2+ 39. Kd3 Bd6 40.
Qd5+ Qxd5+ 41. Nxd5 a5 42. Nc3 c6 43. Bd2 Ka6 44. Ne2 b5 45. Ng3 b4 46. Nxf5 Bc5 47.
Nd4 Kb6 48. f5 a4 49. f6 b3 50. Bc3 1-0

[Event "*** Titled Tuesday Blitz"]
[Site "Chess.com"]
[Date "2020.04.28"]
[Round "8"]
[White "Fh2411"]
[Black "Vesper2018"]
[Result "1-0"]
[WhiteElo "2486"]
[BlackElo "2085"]
[TimeControl "180+1"]
[EndTime "11:36:43 PDT"]
[Termination "Fh2411 won on time"]

1. d4 Nf6 2. Nf3 g6 3. Bf4 Bg7 4.
e3 O-O 5. Be2 d6 6. O-O Nc6 7.
c3 Nh5 8. Bg5 h6 9. Bh4 g5 10.
Nfd2 Nf6 11. Bg3 e5 12. Na3 e4 13. Nac4 Bf5 14. a4 Bg6 15. a5 Qe7 16. Re1 a6 17. f3 d5 18. Ne5 Nxe5 19. Bxe5 exf3 20. Bxf3 Ne4 21. Bxe4 dxe4 22. Bxg7 Kxg7 23. Qb3 c6 24.
Qa3 Qe6 25. Qb4 Rab8 26. Nc4 f5 27. Qc5 Kh7 28. Ra4 f4 29. Qd6 Qf5 30. exf4 gxf4 31. Ne5 f3 32. Rf1 f2+ 33. Kh1 e3 34. Qe7+ Kh8 35. Nxg6+ Qxg6 36. Qxe3 Rbe8 37. Qc1 Re2 38. Ra1 Rfe8 39. Qf4 Qe6 40. Rxf2 Re1+ 41. Rf1 Re4 42. Qf3 Re3 43. Qf6+ Qxf6 44. Rxf6 Kg7 45. Rff1 Re2 46. Rab1 Rc2 47. h3 Ree2 48. b4 Rxg2 49.
Rg1 Rxg1+ 50. Rxg1+ Kf6 51. Rg3 h5 52. h4 Kf5 53. Kg1 Ke4 54. Kf1 Kd5 55. Ke1 Kc4 56. Rg5 Kxc3 57. Rxh5 Kxd4 58. Rh7 Rb2 59. Rxb7 Kc4 60.
h5 1-0

[Event "*** Titled Tuesday Blitz"]
[Site "Chess.com"]
[Date "2020.04.28"]
[Round "8"]
[White "MasterKroket"]
[Black "AustrianFalcon"]
[Result "1/2-1/2"]
[WhiteElo "2409"]
[BlackElo "2558"]
[TimeControl "180+1"]
[EndTime "11:36:43 PDT"]
[Termination "Game drawn by repetition"]

1. d4 d5 2. c4 c6 3. Nf3 Nf6 4. Nc3 e6 5. Bg5 h6 6. Bxf6 Qxf6 7. e3 Nd7 8. Rc1 g6 9. Qc2 Bg7 10. Bd3 O-O 11. O-O Qe7 12. Rfd1 f5 13. Ne2 g5 14. cxd5 cxd5 15. Qc7 Qd8 16. Qd6 Nb8 17. Qxd8 Rxd8 18.
Ne5 Bxe5 19. dxe5 Nc6 20. f4 Bd7 21. Nd4 Nxd4 22. exd4 Rac8 23. g3 Kf7 24. Rc5 b6 25. Rcc1 Rxc1 26. Rxc1 Rc8 27. Rxc8 Bxc8 28. Bb5 Ke7 29.
Kf2 Bd7 30. Be2 Be8 31. fxg5 hxg5 32. h4 gxh4 33. gxh4 Kf7 34. Bh5+ Kf8 35. Bd1 Kg7 36. Ke3 Kh6 37. Kf4 a5 38. Be2 b5 39. a3 b4 40.
axb4 axb4 41. Ba6 Bd7 42. Be2 Ba4 43. Bd3 Kh5 44. Bxf5 Bd7 45. Bd3 Kxh4 46. Ba6 Kh5 47. Be2+ Kg6 48. Bd3+ Kf7 49. Kg5 Ke7 50. Kg6 Ba4 51. Kg7 Bd1 52. Bb5 Bg4 53. Bc6 Bf5 54. Bb5 Be4 55. Kh6 Kf7 56. Kg5 Ke7 57. Be2 Bc2 58.
Kf4 Be4 59. Ke3 Kd7 60. Bb5+ Kc7 61. Ba4 Bf5 62. Kd2 Kb6 63. Bd7 Kc7 64. Ba4 Kb6 65. Bd7 Kc7 66. Ba4 1/2-1/2

[Event "*** Titled Tuesday Blitz"]
[Site "Chess.com"]
[Date "2020.04.28"]
[Round "8"]
[White "Szparu"]
[Black "ChelsieMonica"]
[Result "0-1"]
[WhiteElo "2495"]
[BlackElo "2359"]
[TimeControl "180+1"]
[EndTime "11:36:45 PDT"]
[Termination "ChelsieMonica won on time"]

1. e4 e5 2. Nf3 Nc6 3. Bc4 Bc5 4. b4 Bxb4 5. c3 Ba5 6. d4 exd4 7. O-O Nf6 8. e5 d5 9. exf6 dxc4 10. fxg7 Rg8 11. Bg5 Qd5 12. Re1+ Be6 13. Bf6 Qf5 14. Nxd4 Nxd4 15.
Qxd4 Bb6 16. Qh4 c6 17. Nd2 Bd8 18. Ne4 Bc7 19. Rad1 b6 20. Bd4 f6 21. Nxf6+ Kf7 22. Nxg8 Rxg8 23. Re3 c5 24. Rf3 cxd4 25. Rxf5+ Bxf5 26. Qh5+ Bg6 27. Qd5+ Kxg7 28. Qd7+ Kh6 29. Qxc7 d3 30.
Qf4+ Kg7 31. Qxc4 Rf8 32. Qd4+ Kg8 33. Rxd3 Bxd3 34. Qxd3 Re8 35. Kf1 Kf7 36. Qd7+ Re7 37. Qf5+ Kg7 38. Qg5+ Kf8 39. Qxe7+ Kxe7 40. Ke2 Kf6 41.
Kd3 Ke5 42. Ke3 Kd5 43. g4 Kc4 44. Kd2 Kd5 45. Ke3 Ke5 46. h4 Kd5 47. Kd3 Ke5 48. g5 Kf4 49. Ke2 Kg4 50. Ke3 Kxh4 51. Kf4 b5 52. Kf5 a5 53. f4 Kg3 54. Kf6 Kxf4 55.
Kg7 Kxg5 56. Kxh7 Kf5 57. Kh6 Ke4 58. Kg5 Kd3 59. a4 bxa4 60. c4 Kxc4 61. Kf4 a3 62. Ke3 a2 63. Kd2 a1=Q 0-1

[Event "*** Titled Tuesday Blitz"]
[Site "Chess.com"]
[Date "2020.04.28"]
[Round "8"]
[White "mfwagnerpeixoto"]
[Black "vanyakuba"]
[Result "0-1"]
[WhiteElo "2199"]
[BlackElo "2405"]
[TimeControl "180+1"]
[EndTime "11:36:45 PDT"]
[Termination "vanyakuba won by checkmate"]

1. d4 d5 2. Nf3 c5 3. c4 e6 4. Nc3 cxd4 5. Nxd4 e5 6. Nf3 d4 7. Nb1 Nc6 8. e4 Nf6 9. Bd3 Bg4 10. O-O a5 11. a3 Bd6 12. h3 Bh5 13. Nbd2 O-O 14.
b3 Nd7 15. Re1 Nc5 16. Qc2 Kh8 17. Rb1 Ne6 18. g3 Qe7 19. Kg2 Bxa3 20. Bxa3 Qxa3 21.
Ra1 Qe7 22. Bf1 Nc5 23. Nh4 Nb4 24. Qb1 Bg6 25. Nxg6+ fxg6 26. Nf3 Rf6 27. Nh2 h5 28.
f4 exf4 29. e5 Rf5 30. g4 Rxe5 31. Rxe5 Qxe5 32. Qxg6 hxg4 33. Nxg4 f3+ 34. Kxf3 Rf8+ 35. Kg2 Qe4+ 36. Qxe4 Nxe4 37. Re1 Nd2 38. Re5 Nxf1 39. Rh5+ Kg8 40. Rxa5 Ne3+ 41. Nxe3 dxe3 42. Re5 Nc2 43. Re4 Rf2+ 44. Kg3 Rf6 45. Re8+ Kf7 46. Re4 Re6 47.
Kf3 Rxe4 48. Ke2 Rh4 49. Kd3 Rxh3 50. Ke2 Nd4+ 51. Kd3 e2+ 52. Kd2 Rh1 53. Kd3 e1=Q 54. Kxd4 Qd2+ 55. Kc5 Rb1 56. Kb6 Rxb3+ 57. Kc7 Qc3 58.
c5 Qxc5+ 59. Kb8 Qd6+ 60. Ka8 Ra3+ 61. Kxb7 Qb4+ 62. Kc7 Rc3+ 63. Kd7 Qd4# 0-1

[Event "*** Titled Tuesday Blitz"]
[Site "Chess.com"]
[Date "2020.04.28"]
[Round "8"]
[White "GM_Levan_Pantsulaia"]
[Black "bancsoo"]
[Result "1-0"]
[WhiteElo "2832"]
[BlackElo "2695"]
[TimeControl "180+1"]
[EndTime "11:36:47 PDT"]
[Termination "GM_Levan_Pantsulaia won by resignation"]

1. Nf3 d5 2. c4 c6 3. g3 Nf6 4. Bg2 dxc4 5. O-O Nbd7 6. Qc2 Nb6 7. a4 a5 8. Na3 g6 9. Nxc4 Nxc4 10. Qxc4 Bg7 11.
e4 O-O 12. d3 Be6 13. Qc2 Ng4 14. Bf4 Qb6 15. d4 Bxd4 16. Nxd4 Qxd4 17. h3 Nf6 18. Ra3 Rfd8 19. Be3 Qb4 20. f4 Bc4 21. Rf2 Qe1+ 22.
Kh2 Ba6 23. Bf3 Qb4 24. Bc5 Qc4 25. Qxc4 Bxc4 26. Rc3 Ba6 27. e5 Nd5 28. Bxd5 cxd5 29. Bxe7 Rdc8 30. Rfc2 Rxc3 31. Rxc3 d4 32. Rc7 d3 33.
Rd7 h6 34. g4 Rc8 35. Kg3 Kg7 36. Bd8 Kf8 37. Bxa5 Ke8 38. Rd6 Rc2 39. Bc3 Re2 40.
f5 gxf5 41. gxf5 Re4 42. Rxh6 Rxa4 43. Rh8+ Ke7 44. f6+ Ke6 45. Re8+ Kf5 46. e6 Bc4 47. e7 Bb5 48. Rb8 Re4 49. Rxb7 Be8 50. Rb8 Bc6 51. Rc8 Re3+ 52. Kf2 Re2+ 53. Kf1 Ba4 54. Rd8 Re3 55.
Kf2 Re2+ 56. Kg3 Bc6 57. Rxd3 Rg2+ 58. Kh4 Rg8 59. Rd6 Bf3 60. Rb6 Kf4 61. Bd2+ Kf5 62. Rd6 Be4 63. Rd8 1-0

[Event "*** Titled Tuesday Blitz"]
[Site "Chess.com"]
[Date "2020.04.28"]
[Round "8"]
[White "tomsishere"]
[Black "tomozupan"]
[Result "0-1"]
[WhiteElo "2384"]
[BlackElo "2232"]
[TimeControl "180+1"]
[EndTime "11:36:48 PDT"]
[Termination "tomozupan won by checkmate"]

1. d4 Nf6 2. Bf4 g6 3. Nc3 d5 4. e3 Bg7 5. h4 Bg4 6. f3 Bd7 7. Qd2 Na6 8. Nh3 O-O 9. Nf2 Rc8 10.
Bxa6 bxa6 11. Nd3 Bb5 12. Nxb5 axb5 13. g4 Nd7 14. h5 Re8 15. hxg6 fxg6 16. Qh2 Nf8 17.
O-O-O c6 18. Be5 Qa5 19. Kb1 b4 20. Bxg7 Kxg7 21. Qe5+ Kg8 22. Rh6 Qb6 23. Rdh1 a5 24.
Nc5 Qc7 25. f4 Qxe5 26. fxe5 e6 27. Nb7 Rc7 28. Nxa5 c5 29. dxc5 Rxc5 30. Nb3 Rc4 31. Nd4 Ra8 32. g5 Rc5 33. Rf1 Rca5 34. a3 bxa3 35. b4 Ra4 36. c3 a2+ 37. Ka1 Rc8 38.
Nb5 Nd7 39. Rfh1 Nf8 40. R6h4 Rb8 41. Nd4 Rc8 42. Nb5 Rb8 43. Nd4 Rc8 44. Kb2 a1=Q+ 45. Rxa1 Rxa1 46. Kxa1 Rxc3 47. b5 Rc4 48. b6 Rb4 49.
Rf4 Rxb6 50. Rf6 Kg7 51. Ka2 Nd7 52. Nxe6+ Kg8 53. Nf4 Nxf6 54. gxf6 Kf7 55. e6+ Rxe6 56. Nxe6 Kxe6 57. Kb3 Kxf6 58. Kc3 Ke5 59. Kd3 h5 60. Ke2 Ke4 61. Kf2 g5 62. Kg3 Kxe3 63. Kh3 d4 64. Kg3 d3 65. Kh3 d2 66. Kg2 d1=Q 67. Kh2 Kf3 68.
Kh3 Qh1# 0-1

[Event "*** Titled Tuesday Blitz"]
[Site "Chess.com"]
[Date "2020.04.28"]
[Round "8"]
[White "Rodalquilar"]
[Black "Grandelicious"]
[Result "1/2-1/2"]
[WhiteElo "2622"]
[BlackElo "2761"]
[TimeControl "180+1"]
[EndTime "11:36:49 PDT"]
[Termination "Game drawn - insufficient material"]

1. d4 Nf6 2. c4 e6 3. Nc3 Bb4 4. Qc2 b6 5. e4 c5 6. d5 exd5 7.
exd5 O-O 8. Bd3 d6 9. Ne2 Nbd7 10. Bf4 Qe7 11. O-O-O Ne5 12. Rhe1 a6 13. Ng3 Nxd3+ 14.
Qxd3 Qd8 15. Bg5 h6 16. Bd2 b5 17. Nce4 bxc4 18. Qxc4 Rb8 19. a3 Bxd2+ 20. Rxd2 Nxe4 21.
Qxe4 Bd7 22. Qf4 Rb6 23. Nh5 Qg5 24. Qxg5 hxg5 25. h3 Bf5 26. f4 gxf4 27. Nxf4 Rfb8 28. g4 Bh7 29. Re7 Kf8 30. Rc7 Rb3 31. Rf2 Kg8 32. Nh5 Bg6 33. Nf4 Be4 34. Rc6 R8b6 35. Rxb6 Rxb6 36.
Re2 f5 37. gxf5 Bxf5 38. Re7 Rb3 39. Rc7 Rf3 40. Ne6 Bxe6 41. dxe6 Re3 42. e7 Kf7 43. e8=Q+ Kxe8 44. Rxg7 Rxh3 45. Ra7 Rh2 46. Rxa6 Kd7 47.
Ra8 Kc6 48. Re8 Kd5 49. a4 Kc4 50. Rb8 d5 51. a5 Kd3 52. Kb1 Rh6 53. Rb6 Rh7 54.
a6 Ra7 55. Kc1 c4 56. Rd6 Kd4 57. Kd2 Kc5 58. Rh6 Kb5 59. Kc3 Rxa6 60. Rxa6 Kxa6 61. Kd4 Kb5 62. Kxd5 Kb4 63. Kd4 Kb3 64. Kc5 c3 65. bxc3 Kxc3 1/2-1/2

[Event "*** Titled Tuesday Blitz"]
[Site "Chess.com"]
[Date "2020.04.28"]
[Round "8"]
[White "Feegus"]
[Black "dzhumagaliev"]
[Result "0-1"]
[WhiteElo "2475"]
[BlackElo "2726"]
[TimeControl "180+1"]
[EndTime "11:36:49 PDT"]
[Termination "dzhumagaliev won by checkmate"]

1. Nf3 c5 2. g3 Nc6 3. Bg2 h5 4.
O-O e5 5. h4 d5 6. c4 d4 7. d3 Nf6 8. Bg5 Be7 9. a3 O-O 10. Nbd2 Ng4 11. Bxe7 Qxe7 12. Ne4 a5 13.
Qa4 Bf5 14. Nfd2 Rfc8 15. Ng5 f6 16. Bd5+ Kh8 17. Ngf3 Bd7 18. Qc2 Be8 19. Ne4 Rab8 20. Kg2 b6 21. Qd2 Qd7 22. b3 Ne7 23. b4 axb4 24.
axb4 cxb4 25. Qxb4 Nxd5 26. Qf8+ Kh7 27. cxd5 Qxd5 28. Ra7 Bd7 29. Qe7 Rd8 30. Rc1 Ra8 31.
Rcc7 Rxa7 32. Rxa7 Re8 33. Qxd7 Qxd7 34. Rxd7 Rb8 35.
Nd6 b5 36. Nd2 Kg6 37. Rb7 Rd8 38. Nxb5 Rd5 39. Nc7 Rd8 40. Ne6 Rg8 41. Ne4 Nh6 42. f4 Nf5 43. fxe5 Ne3+ 44. Kf3 fxe5 45. N4g5 Ra8 46. Ke4 Ng4 47. Rxg7+ Kf6 48. Rf7+ Kg6 49. Rg7+ Kf6 50. Rc7 Ra5 51. Rc5 Ra6 52. Kd5 Kf5 53. Ng7+ Kg6 54. N7e6 Kf5 55. Nf8 Ne3# 0-1